 Dungeon Crawl Stone Soup version 0.25.0-9-g26727b657a (webtiles) character file.

Game seed: 14721218236451695013

599409 Apogee the Hoplite (level 26, -6/180 HPs)
             Began as a Minotaur Berserker on June 15, 2020.
             Was the Champion of Trog.
             Killed from afar by a starcursed mass (7 damage)
             ... with an accursed screaming
             ... on level 5 of the Abyss on June 17, 2020.
             The game lasted 04:13:16 (67248 turns).

Apogee the Hoplite (Minotaur Berserker)            Turns: 67248, Time: 04:13:17

Health: -6/180     AC: 46    Str: 25    XL:     26   Next: 91%
Magic:  25/25      EV: 16    Int:  9    God:    Trog [******]
Gold:   7879       SH: 32    Dex:  6    Spells: 25/25 levels left

rFire    + . .     SeeInvis .   a - +1 broad axe (holy)
rCold    + + .     Gourm    .   I - +7 tower shield of Limitation {+Blink rPois rCorr Str-5}
rNeg     . . .     Faith    .   q - +6 crystal plate armour "Hujiti" {rF+ Regen+}
rPois    +         Spirit   .   (helmet unavailable)
rElec    +         Reflect  .   r - +2 cloak of Yhugi {rC+ rCorr}
rCorr    +         Harm     .   Q - +2 pair of gloves {archery}
MR       +++++                  M - +0 pair of boots of the Other Side {rPois Int+3}
Stlth    ..........             o - amulet "Noottari" {rC+ Regen+}
HPRegen  0.00/turn              C - ring "Vetzyp" {rPois rF- MR+++ EV+4 Dex-5}
MPRegen  0.19/turn              W - ring of Hard Scrabble {rElec rF+ MR+ Dex+3}

@: berserk cooldown, non-regenerating, mildly diseased, hasted and slowed
A: retaliatory headbutt, horns 3, blurry vision 2, [clumsy 2], deterioration
1[+1], frail 2[+1], [screaming 2]
}: 2/15 runes: barnacled, gossamer
a: Berserk, Trog's Hand, Brothers in Arms, Renounce Religion, Evoke Blink


You were on level 5 of the Abyss.
You worshipped Trog.
Trog was exalted by your worship.
You were near starving.

You visited 9 branches of the dungeon, and saw 46 of its levels.
You visited the Abyss 4 times.
You also visited: Gauntlet, Ice Cave and Volcano.

You collected 10645 gold pieces.
You spent 2766 gold pieces at shops.

Inventory:

Hand Weapons
 a - a +1 broad axe of holy wrath (weapon)
 b - the +5 war axe of Qeligob {flame, rF+ Dex+2}
   (Trog gifted it to you on level 3 of the Vaults)

   It has been specially enchanted to burn those struck by it, causing extra
   injury to most foes and up to half again as much damage against particularly
   susceptible opponents.
   Big, fiery blades are also staple armaments of hydra-hunters.
   It affects your dexterity (+2).
   It protects you from fire.
Missiles
 t - 34 boomerangs (quivered)
 u - 147 poisoned darts
 v - 12 datura-tipped darts
 B - 7 throwing nets
 R - 10 atropa-tipped darts
 T - 70 silver javelins
Armour
 q - the +6 crystal plate armour "Hujiti" (worn) {rF+ Regen+}
   (You acquired it on level 11 of the Dungeon)

   It protects you from fire.
   It increases your rate of regeneration.
 r - the +2 cloak of Yhugi (worn) {rC+ rCorr}
   (You found it on level 2 of the Elven Halls)

   It protects you from cold.
   It provides partial protection from all sources of acid and corrosion.
 I - the +7 tower shield of Limitation (worn) {+Blink rPois rCorr Str-5}
   (You acquired it on level 2 of the Spider Nest)

   It affects your strength (-5).
   It protects you from poison.
   It lets you blink.
   It provides partial protection from all sources of acid and corrosion.
 M - the +0 pair of boots of the Other Side (worn) {rPois Int+3}
   (You acquired it on level 3 of the Elven Halls)

   It affects your intelligence (+3).
   It protects you from poison.
 Q - a +2 pair of gloves of archery (worn)
Jewellery
 d - an uncursed ring of fire
 g - the ring of Unubb {+Blink rF- rN+ MR+ Dex+2}
   (You found it in a Gauntlet)

   [ring of protection from magic]

   It affects your dexterity (+2).
   It makes you vulnerable to fire.
   It protects you from negative energy.
   It affects your resistance to hostile enchantments.
   It lets you blink.
 m - the ring "Ivotuzy" {Fire rN+++ Str+4 Dex-3}
   (You acquired it on level 1 of the Vaults)

   [ring of fire]

   It enhances your fire magic.
   It affects your strength (+4).
   It affects your dexterity (-3).
   It protects you from fire.
   It makes you vulnerable to cold.
   It renders you almost immune to negative energy.
 o - the amulet "Noottari" (around neck) {rC+ Regen+}
   (You bought it in a shop on level 3 of the Shoals)

   [amulet of regeneration]

   It protects you from cold.
   It increases your rate of regeneration.
 s - the amulet "Cius" {Reflect rF+ rC+ Str+4 Int-3 SH+5}
   (You found it on level 3 of the Crypt)

   [amulet of reflection]

   It shields you and reflects attacks.
   It affects your strength (+4).
   It affects your intelligence (-3).
   It protects you from fire.
   It protects you from cold.
   It affects your SH (+5).
 C - the ring "Vetzyp" (left hand) {rPois rF- MR+++ EV+4 Dex-5}
   (You found it on level 3 of the Elven Halls)

   [ring of evasion]

   It affects your evasion (+4).
   It affects your dexterity (-5).
   It makes you vulnerable to fire.
   It protects you from poison.
   It affects your resistance to hostile enchantments.
 V - an uncursed ring of protection from cold
 W - the ring of Hard Scrabble (right hand) {rElec rF+ MR+ Dex+3}
   (You bought it in a shop on level 3 of the Shoals)

   [ring of protection from magic]

   It affects your dexterity (+3).
   It protects you from fire.
   It insulates you from electricity.
   It affects your resistance to hostile enchantments.
Wands
 l - a wand of digging (6)
 w - a wand of paralysis (8)
 X - a wand of clouds (2)
Scrolls
 e - 9 scrolls of fear
 h - 20 scrolls of remove curse
 i - 8 scrolls of identify
 n - 7 scrolls of enchant armour
 x - a scroll of fog
 z - 16 scrolls of teleportation
 D - a scroll of silence
 E - a scroll of blinking
 F - 7 scrolls of enchant weapon
 G - 10 scrolls of magic mapping
 J - 2 scrolls of holy word
 S - 4 scrolls of summoning
Potions
 f - 4 potions of resistance
 j - 7 potions of flight
 k - 7 potions of might
 p - 24 potions of curing
 A - 5 potions of mutation
 H - a potion of magic
 K - 9 potions of invisibility
 L - 4 potions of cancellation
 P - 7 potions of haste
 Y - 3 potions of heal wounds
Miscellaneous
 y - 5 phantom mirrors
Comestibles
 c - 68 rations
 N - 2 chunks of flesh


   Skills:
 - Level 25.0 Fighting
 - Level 18.0 Axes
 - Level 10.0 Throwing
 - Level 25.0 Armour
 - Level 20.0 Dodging
 + Level 14.5 Stealth
 - Level 25.0 Shields
 - Level 4.0 Evocations


You had 25 spell levels left.
You didn't know any spells.
Your spell library contained the following spells:

 Spells                   Type           Power        Failure   Level  Hunger
 Animate Skeleton         Necr           N/A          98%         1    ##.....
 Apportation              Tloc           #.....       98%         1    ##.....
 Corona                   Hex            #......      98%         1    ##.....
 Foxfire                  Conj/Fire      #...         98%         1    ##.....
 Freeze                   Ice            #...         98%         1    ##.....
 Infusion                 Chrm           #...         98%         1    ##.....
 Magic Dart               Conj           #...         98%         1    ##.....
 Pain                     Necr           #...         98%         1    ##.....
 Shock                    Conj/Air       #...         98%         1    ##.....
 Sting                    Tmut/Pois      #...         98%         1    ##.....
 Summon Small Mammal      Summ           #...         98%         1    ##.....
 Blink                    Tloc           N/A          99%         2    ###....
 Call Imp                 Summ           #.......     99%         2    ###....
 Corpse Rot               Necr/Air       N/A          99%         2    ###....
 Ensorcelled Hibernation  Hex/Ice        #.....       99%         2    ###....
 Poisonous Vapours        Pois/Air       #.....       99%         2    ###....
 Searing Ray              Conj           #.....       99%         2    ###....
 Shroud of Golubria       Chrm/Tloc      #.....       99%         2    ###....
 Slow                     Hex            #.......     99%         2    ###....
 Song of Slaying          Chrm           #.......     99%         2    ###....
 Sublimation of Blood     Necr           #.........   99%         2    ###....
 Swiftness                Chrm/Air       #.......     99%         2    ###....
 Confusing Touch          Hex            #.......     100%        3    ####...
 Conjure Flame            Conj/Fire      #.......     100%        3    ####...
 Dazzling Flash           Conj/Hex       #.....       100%        3    ####...
 Frozen Ramparts          Ice            #.....       100%        3    ####...
 Gell's Gravitas          Tloc           #.........   100%        3    ####...
 Ignite Poison            Fire/Tmut/Pois #.......     100%        3    ####...
 Inner Flame              Hex/Fire       #.......     100%        3    ####...
 Mephitic Cloud           Conj/Pois/Air  #.......     100%        3    ####...
 Ozocubu's Armour         Chrm/Ice       #.......     100%        3    ####...
 Portal Projectile        Hex/Tloc       #.....       100%        3    ####...
 Recall                   Summ/Tloc      N/A          100%        3    ####...
 Spectral Weapon          Hex/Chrm       #.......     100%        3    ####...
 Static Discharge         Conj/Air       #.......     100%        3    ####...
 Tukima's Dance           Hex            #.......     100%        3    ####...
 Vampiric Draining        Necr           #.........   100%        3    ####...
 Airstrike                Air            #.........   100%        4    #####..
 Animate Dead             Necr           N/A          100%        4    #####..
 Cause Fear               Hex            #.........   100%        4    #####..
 Dispel Undead            Necr           #.......     100%        4    #####..
 Fulminant Prism          Conj/Hex       #.........   100%        4    #####..
 Hailstorm                Conj/Ice       #.......     100%        4    #####..
 Ice Form                 Ice/Tmut       #.......     100%        4    #####..
 Iskenderun's Mystic Bla  Conj/Tloc      #.......     100%        4    #####..
 Leda's Liquefaction      Hex/Erth       #.........   100%        4    #####..
 Olgreb's Toxic Radiance  Pois           #.......     100%        4    #####..
 Petrify                  Tmut/Erth      #.......     100%        4    #####..
 Sticky Flame             Conj/Fire      #.......     100%        4    #####..
 Summon Ice Beast         Ice/Summ       #.......     100%        4    #####..
 Summon Lightning Spire   Summ/Air       #.......     100%        4    #####..
 Agony                    Necr           #.......     100%        5    ######.
 Aura of Abjuration       Summ           #.........   100%        5    ######.
 Bolt of Magma            Conj/Fire/Erth #.........   100%        5    ######.
 Borgnjor's Vile Clutch   Necr/Erth      #.........   100%        5    ######.
 Excruciating Wounds      Chrm/Necr      #.........   100%        5    ######.
 Fireball                 Conj/Fire      #.........   100%        5    ######.
 Iskenderun's Battlesphe  Conj/Chrm      #.......     100%        5    ######.
 Lightning Bolt           Conj/Air       #.........   100%        5    ######.
 Metabolic Englaciation   Hex/Ice        #.........   100%        5    ######.
 Silence                  Hex/Air        #.........   100%        5    ######.
 Summon Demon             Summ           #.........   100%        5    ######.
 Summon Forest            Summ/Tloc      #.........   100%        5    ######.
 Summon Mana Viper        Hex/Summ       #.......     100%        5    ######.
 Conjure Ball Lightning   Conj/Air       #.........   100%        6    #######
 Darkness                 Hex            #.........   100%        6    #######
 Death Channel            Necr           #.........   100%        6    #######
 Dispersal                Tloc           #.........   100%        6    #######
 Freezing Cloud           Conj/Ice/Air   #.........   100%        6    #######
 Iron Shot                Conj/Erth      #.........   100%        6    #######
 Ozocubu's Refrigeration  Ice            #.........   100%        6    #######
 Shadow Creatures         Summ           N/A          100%        6    #######
 Simulacrum               Ice/Necr       #.........   100%        6    #######
 Statue Form              Tmut/Erth      #........    100%        6    #######
 Dragon Form              Tmut           #.........   100%        7    #######
 Malign Gateway           Summ/Tloc      #.........   100%        7    #######
 Monstrous Menagerie      Summ           #.........   100%        7    #######
 Orb of Destruction       Conj           #.........   100%        7    #######
 Ring of Flames           Chrm/Fire      #.........   100%        7    #######
 Spellforged Servitor     Conj/Summ      #.........   100%        7    #######
 Summon Greater Demon     Summ           #.........   100%        7    #######
 Controlled Blink         Tloc           N/A          100%        8    #######
 Disjunction              Tloc           #.........   100%        8    #######
 Summon Horrible Things   Summ           #.........   100%        8    #######
 Dragon's Call            Summ           #.........   100%        9    #######
 Shatter                  Erth           #.........   100%        9    #######
 Tornado                  Air            #.........   100%        9    #######


Dungeon Overview and Level Annotations

Branches:
Dungeon (15/15)            Temple (0/1) D:5            Lair (6/6) D:10
 Shoals (4/4) Lair:4       Spider (4/4) Lair:3        Slime (0/5) Lair:6
    Orc (2/2) D:9             Elf (3/3) Orc:2        Vaults (4/5) D:13
  Crypt (3/3) Vaults:3       Tomb (0/3) Crypt:3      Depths (5/5) D:15
    Zot (0/5) Depths:5      IceCv (visited)         Volcano (visited)
Gauntlet (visited)

Altars:
Ashenzari
Gozag
Makhleb
Okawaru
Uskayaw
Vehumet
Yredelemnul
Zin
Beogh
Jiyva
Lugonu

Shops:
D:4 (   D:11 (   D:13 [!   D:15 (**%!   Orc:1 (   Orc:2 [(%   Elf:3 ?
Shoals:1 =   Shoals:3 =   Vaults:2 =([?%   Depths:1 *   Depths:5 !

Portals:
Hell: Depths:1 Depths:2 Depths:3 Depths:4 Depths:5
Abyss: Depths:3 Depths:4 Depths:5
Pandemonium: Depths:3
Ziggurat: Depths:3
Trove: Depths:2 (give 15 scrolls of teleportation)

Annotations:
Elf:2 exclusion: 3 doors
Crypt:2 2 transporters, exclusion: obsidian statue, Donald
Depths:3 2 transporters, Uwnacla's ghost, adept DgCj


Innate Abilities, Weirdness & Mutations

You reflexively headbutt those who attack you in melee.
You have a pair of large horns on your head.
Scrolls take you longer to read.
[You are very clumsy. (Dex -4)]
[Your body often deteriorates upon taking damage.]
[You are extremely frail. (-30% HP)]
[You sometimes yell uncontrollably at your foes.]


Message History

You hit the bone dragon but do no damage.
Your crystal plate armour "Hujiti" prevents you from hitting the large abomination.
You hit the shining eye but do no damage.
You slash the wretched star!
You block the large abomination's attack.
The wretched star glows turbulently.
You block the lance of force.
A starcursed mass splits.
Unknown command.
You slice the starcursed mass!!
You destroy the starcursed mass!
Trog accepts your kill.
Your crystal plate armour "Hujiti" prevents you from hitting the large abomination.
You slash the bone dragon!
The bone dragon convulses!!
You hit the black draconian scorcher but do no damage.
You hit the starcursed mass.
The starcursed mass shudders and is absorbed by its neighbour.
You slice the wretched star!!
You hit the shining eye but do no damage.
A chorus of shrieks assaults your mind.
You die...

# .. ..# ##'## .##
## ....###...##..
##..##.#.©##...#'#
. . ....##.©.#φ ≈
#.. .... ##d5)#+ #
###X3d# #. .##.
###X## ...
#..##.§XD## ≈. ...
#..X)@q# . #.
..#...G*.# #..
##.....XX.
#..q.X.#...
##..#..##....
####### ####


You could see a bone dragon, 4 starcursed masses, a red draconian shifter, a
tentacled starspawn, a black draconian scorcher, a wretched star, a draconian, a
shining eye, 2 large abominations, a neqoxec and an iron imp (summoned).

Vanquished Creatures
  3 ancient liches (Abyss:1)
  Mara (Vaults:3)
  2 juggernauts
  Sojobo (Crypt:2)
  Frederick (Vaults:2)
  Saint Roka (Depths:1)
  2 caustic shrikes
  A golden dragon (Depths:2)
  2 profane servitors
  5 bone dragons
  2 tentacled monstrosities
  Jorgrun (Elf:1)
  A Hell Sentinel (Abyss:4)
  7 liches
  2 deep elf master archers (Elf:3)
  Asterion (Spider:1)
  A deep elf blademaster (Elf:3)
  2 titans
  4 ancient champions
  3 sphinxes
  3 Executioners
  2 krakens (Shoals:4)
  22 tentacled starspawn
  4 shadow dragons
  3 revenants
  A daeva (Abyss:2)
  Ilsuiw (Shoals:3)
  2 storm dragons
  Kirke (Lair:5)
  A draconian knight (Abyss:3)
  9 tengu reavers
  7 fire giants
  An orc warlord (Orc:1)
  6 frost giants
  7 deep elf sorcerers
  3 draconian scorchers
  4 emperor scorpions
  A balrug (Depths:4)
  A curse skull (Crypt:2)
  4 ghost moths
  13 vault wardens
  2 cacodemons
  5 ghouls (Crypt:3)
  8 deep elf elementalists
  2 draconian stormcallers (Abyss:5)
  22 stone giants
  11 ironheart preservers
  33 very ugly things
  5 entropy weavers
  4 spriggan defenders
  A reaper (Abyss:4)
  7 vampire knights
  6 deep elf demonologists
  2 black draconians
  3 deep elf annihilators (Elf:3)
  Azrael (Orc:2)
  3 lorocyprocas
  2 white draconians
  2 red draconians (Depths:5)
  4 minotaurs
  2 yellow draconians (Depths:5)
  6 dire elephants (Lair:6)
  2 purple draconians
  10 spark wasps
  3 merfolk javelineers
  A blizzard demon (Depths:3)
  A mummy priest (Crypt:3)
  7 eidola
  3 merfolk impalers
  6 ettins
  11 fire dragons
  A quicksilver dragon zombie (Abyss:2)
  A death ooze (Gauntlet)
  3 deep elf high priests (Elf:3)
  7 deep elf death magi
  5 great orbs of eyes
  7 rakshasas
  13 yaktaur captains
  Fannar (Lair:3)
  5 hydras
  11 ice dragons
  17 vault guards
  5 merfolk avatars
  6 spriggan air magi
  6 death knights
  Erica (Lair:1)
  61 two-headed ogres
  14 centaur warriors
  An alligator snapping turtle (Shoals:4)
  An anaconda (Lair:6)
  4 satyrs
  3 merfolk aquamancers
  2 catoblepae (Shoals:2)
  18 ogre magi
  7 deep troll shamans
  2 queen ants
  6 hell hogs
  A tengu warrior (Depths:4)
  6 death yaks
  6 deep troll earth magi
  16 dancing weapons
  An orc high priest (Elf:3)
  5 vampire magi
  19 thrashing horrors
  A soul eater (Crypt:2)
  7 spriggan berserkers
  11 hell knights
  17 wretched stars
  14 deep elf knights
  3 shadow wraiths (Abyss:1)
  2 sun demons (Depths:3)
  A titan skeleton (Crypt:2)
  A fire crab (shapeshifter) (Abyss:4)
  A sixfirhy (Abyss:1)
  25 skeletal warriors
  A ghost moth zombie (Crypt:2)
  A storm dragon skeleton (Crypt:2)
  3 iron trolls
  6 spatial maelstroms
  A torturous demonspawn (Depths:3)
  47 large abominations
  6 glowing orange brains
  A quicksilver dragon simulacrum (Abyss:4)
  An anaconda zombie (Crypt:3)
  7 unseen horrors
  2 swamp dragons (shapeshifter)
  10 sea snakes
  Pikel (D:8)
  27 deep trolls
  An obsidian statue (Depths:3)
  10 flayed ghosts
  13 deep elf archers
  12 ironbrand convokers
  10 wizards
  6 necromancers
  An orange crystal statue (Abyss:3)
  44 deep elf magi
  16 phantasmal warriors
  13 orb spiders
  7 orc knights
  20 harpies
  3 shadow dragon zombies
  A wolf spider zombie (Crypt:3)
  2 draconians (Abyss:5)
  4 stone giant zombies (Crypt:3)
  3 manticores
  A shadow dragon skeleton (Abyss:1)
  A frost giant zombie (Crypt:2)
  4 orc sorcerers
  39 wolf spiders
  8 cyclopes
  An iron dragon zombie (Crypt:3)
  8 worldbinders
  59 ugly things
  3 fire giant zombies
  A moth of wrath (Spider:4)
  A shock serpent zombie (Crypt:2)
  7 elephants
  2 salamanders
  An ice statue (IceCv)
  15 vault sentinels
  15 fauns
  2 rust devils
  Joseph (D:7)
  2 stone giant skeletons
  A naga mage (D:15)
  A centaur zombie (D:15)
  A guardian serpent (shapeshifter) (Abyss:4)
  7 water nymphs
  3 black mambas
  3 dire elephant zombies
  3 merfolk sirens
  A titan simulacrum (Crypt:1)
  3 apocalypse crabs
  A torpor snail (Lair:6)
  5 orange demons
  13 smoke demons
  2 gargoyles
  A spiny frog (shapeshifter) (Vaults:2)
  A storm dragon simulacrum (Crypt:2)
  A catoblepas zombie (Crypt:3)
  5 spectral swamp worms (Depths:2)
  A green draconian zombie (Crypt:2)
  14 spiny frogs
  A yaktaur (shapeshifter) (Depths:4)
  20 demonic crawlers
  A kobold demonologist (Abyss:2)
  5 rime drakes
  A shock serpent skeleton (Abyss:2)
  11 komodo dragons
  73 yaktaurs
  15 freezing wraiths
  An emperor scorpion zombie (Crypt:3)
  A black draconian zombie (Crypt:1)
  3 ice devils (Depths:3)
  An efreet (Abyss:2)
  15 ancient zymes
  A troll (shapeshifter) (Depths:3)
  A yellow draconian skeleton (Crypt:2)
  2 hellwings
  2 guardian mummies (Crypt:3)
  3 tengu conjurers
  A harpy zombie (Crypt:2)
  17 polar bears
  A queen bee (Gauntlet)
  17 merfolk
  A red devil (Depths:3)
  13 trolls
  28 jumping spiders
  2 queen bees (shapeshifter)
  A meliai (shapeshifter) (Depths:1)
  A silent spectre (Abyss:2)
  A hornet (shapeshifter) (Vaults:3)
  4 wind drakes
  31 small abominations
  30 slime creatures
  40 raiju
  3 meliai (Shoals:3)
  15 hornets
  2 hydra skeletons
  Grinder (D:6)
  Prince Ribbit (D:5)
  2 dream sheep (Lair:6)
  2 ettin zombies (Crypt:3)
  35 blink frogs
  10 hippogriffs
  A raiju (shapeshifter) (Depths:5)
  6 snapping turtles
  An ice dragon zombie (Crypt:3)
  3 fire dragon zombies
  A spriggan (Depths:4)
  9 flying skulls
  A guardian serpent skeleton (Crypt:2)
  3 shadows
  22 tarantellas
  14 ynoxinuls
  56 redbacks
  2 spriggans (shapeshifter)
  An air elemental (Elf:3)
  An ettin skeleton (Crypt:2)
  84 starcursed masses
  14 wraiths
  5 vampires
  16 water elementals
  2 wyverns
  4 fire bats
  3 ice dragon skeletons (Crypt:2)
  3 fire elementals
  5 hogs (Lair:5)
  50 yaks
  A human (D:13)
  A basilisk (Lair:4)
  9 neqoxecs
  A golden eye (shapeshifter) (Depths:3)
  12 vampire mosquitoes
  11 chaos spawn
  A human simulacrum (Vaults:2)
  4 hungry ghosts
  A steam dragon (D:11)
  4 wargs
  Grum (D:11)
  An acid dragon (shapeshifter) (Depths:1)
  30 soldier ants
  A merfolk zombie (Crypt:3)
  8 hell hounds
  2 spatial vortices (Abyss:5)
  2 acid dragons
  11 water moccasins
  5 porcupines
  2 spiny frog zombies
  A floating eye (Depths:4)
  40 orc warriors
  A slave (D:8)
  2 snapping turtle zombies
  2 ettin simulacra
  A spiny frog skeleton (Crypt:1)
  A sky beast (shapeshifter) (Vaults:3)
  2 black bears
  A boggart (shapeshifter) (D:15)
  4 phantoms
  8 ice beasts
  3 sky beasts
  62 ogres
  2 eyes of draining
  13 necrophages (Crypt:3)
  38 wolves
  14 boggarts
  8 crocodiles
  A manticore skeleton (Crypt:1)
  20 centaurs
  Blork the orc (D:6)
  2 big kobolds
  A rime drake skeleton (Crypt:2)
  2 wyvern zombies
  16 bullfrogs
  A yaktaur skeleton (Crypt:1)
  A water moccasin zombie (D:12)
  A scorpion (D:5)
  A polar bear zombie (Crypt:2)
  7 wyvern skeletons
  11 killer bees
  9 wights
  6 electric eels
  6 howler monkeys
  2 bullfrog zombies
  11 crimson imps
  6 quasits
  6 centaur skeletons
  7 jellies
  12 orc priests
  A wyvern simulacrum (D:10)
  3 hounds
  2 bullfrog skeletons
  Crazy Yiuf (D:2)
  11 iron imps
  Jessica (D:3)
  4 iguanas
  27 orc wizards
  25 worker ants
  A bullfrog simulacrum (D:10)
  2 centaur simulacra (D:10)
  An acid dragon skeleton (Crypt:2)
  2 hound skeletons (D:5)
  A mummy (Crypt:3)
  9 adders
  9 gnolls (D:13)
  A swamp drake zombie (Crypt:1)
  7 shadow imps
  21 white imps
  7 ufetubi
  An ooze (D:1)
  3 adder skeletons
  5 dart slugs
  3 worms
  3 leopard geckos
  85 orcs
  A ball python (D:2)
  A bat (shapeshifter) (Depths:3)
  4 giant cockroaches
  10 goblins
  8 hobgoblins
  10 jackals
  5 quokkas
  3 bats
  3 frilled lizards
  A giant cockroach zombie (D:5)
  21 kobolds
  A leopard gecko skeleton (D:5)
  2 leopard gecko zombies
  8 rats
  A bush (Abyss:2)
  2 crawling corpses (Depths:3)
  5 demonic plants (Abyss:2)
  5 fungi
  4 lurking horrors
  9 plants
  26 starspawn tentacles
  3 tentacles (Shoals:4)
2710 creatures vanquished.

Vanquished Creatures (collateral kills)
  An ancient lich (Abyss:1)
  Margery (Depths:3)
  A profane servitor (Abyss:1)
  2 bone dragons
  A tentacled starspawn (Abyss:4)
  A tengu reaver (Vaults:4)
  4 deep elf sorcerers (Elf:3)
  2 very ugly things
  An entropy weaver (Vaults:3)
  3 deep elf annihilators (Elf:3)
  2 deep elf demonologists (Elf:3)
  A spark wasp (Depths:2)
  2 merfolk javelineers (Shoals:4)
  2 fire dragons
  An ice dragon (Depths:3)
  2 deep elf high priests (Elf:3)
  A rakshasa (Depths:2)
  2 centaur warriors (D:12)
  2 ogre magi (Orc:2)
  6 two-headed ogres
  A dancing weapon (Elf:3)
  A merfolk avatar (Shoals:4)
  A tengu warrior (Depths:3)
  A hell knight (Depths:3)
  A deep elf knight (D:12)
  A glowing orange brain (Abyss:4)
  A large abomination (Abyss:4)
  A deep elf archer (Elf:2)
  A faun (Shoals:3)
  2 orc knights
  An orc sorcerer (Vaults:3)
  5 ugly things
  4 necromancers (Depths:3)
  2 deep elf magi
  A water nymph (Shoals:4)
  2 merfolk
  A troll (Orc:2)
  A raiju (Abyss:4)
  A ynoxinul (Abyss:4)
  A water elemental (Elf:1)
  A hell hound (Orc:2)
  7 orc warriors
  7 ogres (Orc:2)
  A centaur (D:13)
  An earth elemental (Elf:3)
  A howler monkey (D:13)
  10 starcursed masses (Abyss:4)
  An orc priest (Orc:1)
  A gnoll (D:13)
  4 orcs
  A starspawn tentacle (Abyss:4)
103 creatures vanquished.

Vanquished Creatures (others)
  An ancient lich (Abyss:5)
  A tentacled starspawn (Abyss:1)
  An ironheart preserver (Vaults:2)
  An ogre mage (Vaults:3)
  A deep elf knight (Vaults:1)
  2 unseen horrors
  A redback (Spider:4)
  A small abomination (Abyss:4)
  A boggart (Vaults:1)
  A shadow imp (D:8)
  An ufetubus (Abyss:1)
  6 fungi
  3 lurking horrors
  4 plants
  57 starspawn tentacles
  8 tentacles (Shoals:4)
90 creatures vanquished.

Grand Total: 2903 creatures vanquished

Notes
Turn   | Place    | Note
-------+----------+-------------------------------------------
     0 | D:1      | Apogee the Minotaur Berserker began the quest for the Orb.
     0 | D:1      | Reached XP level 1. HP: 19/19 MP: 0/0
    27 | D:1      | Reached XP level 2. HP: 22/26 MP: 1/1
   433 | D:1      | Reached skill level 5 in Axes
   488 | D:1      | Reached XP level 3. HP: 31/31 MP: 2/2
   842 | D:2      | Found a basalt altar of Yredelemnul.
   848 | D:2      | Reached ** piety under Trog
  1209 | D:2      | Found a runed translucent door.
  1210 | D:2      | Noticed Crazy Yiuf
  1451 | D:2      | Killed Crazy Yiuf
  1451 | D:2      | Reached XP level 4. HP: 28/39 MP: 3/3
  1770 | D:3      | You fall into a shaft and drop 3 floors!
  1787 | D:6      | Reached XP level 5. HP: 38/45 MP: 4/4
  1865 | D:5      | Entered Level 5 of the Dungeon
  1977 | D:4      | Found a burning altar of Makhleb.
  2341 | D:4      | Reached XP level 6. HP: 50/51 MP: 5/5
  2466 | D:4      | Found Zeleatt's Antique Weapon Shop.
  3040 | D:3      | Reached *** piety under Trog
  3254 | D:3      | Found a shattered altar of Ashenzari.
  3309 | D:3      | Noticed Jessica
  3314 | D:3      | Killed Jessica
  3667 | D:5      | Found an opulent altar of Gozag.
  3790 | D:5      | Reached XP level 7. HP: 57/57 MP: 6/6
  3952 | D:5      | Noticed Prince Ribbit
  3958 | D:5      | Killed Prince Ribbit
  3958 | D:5      | Reached skill level 10 in Axes
  4142 | D:5      | Found a staircase to the Ecumenical Temple.
  4416 | D:5      | Reached **** piety under Trog
  4513 | D:6      | Reached XP level 8. HP: 54/64 MP: 7/7
  4660 | D:6      | Noticed Grinder
  4660 | D:6      | Paralysed by Grinder for 7 turns
  4678 | D:6      | Killed Grinder
  5002 | D:6      | Noticed Blork the orc
  5014 | D:6      | Killed Blork the orc
  5166 | D:7      | Noticed a hippogriff
  5172 | D:7      | Killed a hippogriff
  5282 | D:7      | Found a radiant altar of Vehumet.
  5284 | D:7      | Found a hide-covered altar of Uskayaw.
  5325 | D:7      | Noticed Joseph
  5351 | D:7      | Killed Joseph
  5351 | D:7      | Reached XP level 9. HP: 33/70 MP: 8/8
  5849 | D:7      | Upgraded the game from 0.25.0-3-gd7cc5688da to
                  | 0.25.0-9-g26727b657a
  6213 | D:8      | Noticed Pikel
  6225 | D:8      | Killed Pikel
  6225 | D:8      | Reached skill level 15 in Axes
  6958 | D:8      | Found a glowing silver altar of Zin.
  6958 | D:8      | Noticed an angel
  7366 | D:9      | Reached skill level 5 in Fighting
  7369 | D:9      | Noticed a troll
  7382 | D:9      | Killed a troll
  7540 | D:9      | Reached XP level 10. HP: 59/83 MP: 9/9
  7654 | D:9      | Noticed a white ugly thing
  7663 | D:9      | Killed a white ugly thing
  8292 | D:9      | Found a staircase to the Orcish Mines.
  8876 | D:10     | Entered Level 10 of the Dungeon
  8921 | D:10     | Reached ***** piety under Trog
  8930 | D:10     | Reached skill level 10 in Fighting
  9180 | D:10     | Noticed a two-headed ogre
  9191 | D:10     | Killed a two-headed ogre
  9961 | D:10     | Reached XP level 11. HP: 94/99 MP: 10/10
 10116 | D:10     | Found a staircase to the Lair.
 10594 | Lair:1   | Entered Level 1 of the Lair of Beasts
 10767 | Lair:1   | Reached skill level 10 in Armour
 10809 | Lair:1   | Noticed Erica
 10821 | Lair:1   | Killed Erica
 10949 | Lair:1   | Reached skill level 5 in Dodging
 12431 | Lair:1   | Got ichor-stained storm dragon scales
 12432 | Lair:1   | Identified the cursed +0 storm dragon scales of Xiuromm
                  | {*Drain +Blink +Inv rElec} (You found it on level 1 of the
                  | Lair of Beasts)
 12496 | Lair:2   | Found a frozen archway.
 12719 | IceCv    | Entered an ice cave
 13093 | IceCv    | Reached XP level 12. HP: 90/106 MP: 11/11
 13178 | IceCv    | Reached skill level 10 in Dodging
 14016 | IceCv    | Noticed a death yak
 14016 | IceCv    | Noticed a death yak
 14022 | IceCv    | Killed a death yak
 14030 | IceCv    | Killed a death yak
 14089 | IceCv    | Noticed a white draconian
 14107 | IceCv    | Killed a white draconian
 15010 | Lair:3   | Noticed a five-headed hydra
 15024 | Lair:3   | Killed a one-headed hydra
 15277 | Lair:3   | Reached skill level 15 in Fighting
 15277 | Lair:3   | Reached XP level 13. HP: 116/126 MP: 12/12
 15763 | Lair:3   | Reached ****** piety under Trog
 15851 | Lair:3   | Noticed Fannar
 15879 | Lair:3   | Killed Fannar
 16068 | Lair:3   | Found a hole to the Spider Nest.
 16525 | D:11     | Reached skill level 1 in Throwing
 16847 | D:11     | Paralysed by a hornet for 2 turns
 16949 | D:11     | Received a gift from Trog
 17226 | D:11     | Noticed Grum
 17235 | D:11     | Reached skill level 5 in Throwing
 17245 | D:11     | Killed Grum
 17464 | D:11     | Identified a scroll of acquirement
 17465 | D:11     | Got the +6 crystal plate armour "Hujiti" {rF+ Regen+}
 17588 | D:11     | Found Haalor's Antique Weapon Shop.
 17601 | D:11     | Bought a runed broad axe for 224 gold pieces
 18548 | D:12     | Found an iron altar of Okawaru.
 18980 | D:13     | Received a gift from Trog
 19068 | D:13     | Reached skill level 1 in Shields
 19068 | D:13     | Reached XP level 14. HP: 125/137 MP: 13/13
 19103 | D:13     | Found a gate to the Vaults.
 19195 | D:13     | Reached skill level 1 in Stealth
 19195 | D:13     | Reached skill level 1 in Evocations
 19779 | D:13     | Reached skill level 5 in Shields
 20167 | D:13     | Found Plog's Distillery.
 20242 | D:13     | Found Muneotz's Armour Shop.
 20720 | D:14     | Received a gift from Trog
 21115 | D:14     | Reached skill level 10 in Shields
 21203 | D:14     | Reached XP level 15. HP: 144/144 MP: 17/17
 21618 | D:15     | Entered Level 15 of the Dungeon
 21903 | D:15     | Found Horrint's Distillery.
 22011 | D:15     | Found Piridd's Food Boutique.
 22039 | D:15     | Found Ittuaf's Weapon Shoppe.
 22055 | D:15     | Found Gucuef's General Store.
 22294 | Orc:1    | Entered Level 1 of the Orcish Mines
 22325 | Orc:1    | Received a gift from Trog
 22360 | Orc:1    | Found Vixid's Antique Weapon Boutique.
 22374 | Orc:2    | Entered Level 2 of the Orcish Mines
 22374 | Orc:2    | Found a staircase to the Elven Halls.
 22407 | Orc:1    | Found a dark tunnel.
 22417 | Volcano  | Entered a volcano
 22704 | Orc:1    | Noticed an orc warlord
 22719 | Orc:1    | Killed an orc warlord
 23107 | Lair:4   | Found a gate leading to a gauntlet.
 23166 | Gauntlet | Entered a Gauntlet
 23166 | Gauntlet | Found a transporter.
 23177 | Gauntlet | Found a transporter.
 23178 | Gauntlet | Found a transporter.
 23187 | Gauntlet | Found a transporter.
 23189 | Gauntlet | Found a transporter.
 23198 | Gauntlet | Found a transporter.
 23214 | Gauntlet | Found a transporter.
 23224 | Gauntlet | Found a transporter.
 23234 | Gauntlet | Found a transporter.
 23249 | Gauntlet | Found a transporter.
 23260 | Gauntlet | Found a transporter.
 23260 | Gauntlet | Found a transporter.
 23311 | Gauntlet | Found a transporter.
 23338 | Gauntlet | Found a transporter.
 23609 | Gauntlet | Got a crude brass ring
 23611 | Gauntlet | Identified the ring of Unubb {+Blink rF- rN+ MR+ Dex+2}
                  | (You found it in a Gauntlet)
 25087 | Gauntlet | Identified the +0 falchion "Taoniatz" {vorpal, rF++ rC+ rN+
                  | Str-4}
 25315 | Lair:4   | Received a gift from Trog
 25637 | Lair:4   | Reached skill level 15 in Shields
 25767 | Lair:4   | Found a staircase to the Shoals.
 25799 | Lair:4   | Got a pair of distressingly furry boots
 25800 | Lair:4   | Identified the +2 pair of boots of Odder {Str-5 Int+3} (You
                  | found it on level 4 of the Lair of Beasts)
 26166 | Shoals:1 | Entered Level 1 of the Shoals
 26503 | Lair:5   | Noticed Kirke
 26512 | Lair:5   | Killed Kirke
 26721 | Lair:5   | Reached XP level 16. HP: 144/151 MP: 18/18
 27263 | Lair:6   | Entered Level 6 of the Lair of Beasts
 27339 | Lair:6   | Found a staircase to the Slime Pits.
 27339 | Lair:6   | Found a viscous altar of Jiyva.
 28094 | Lair:6   | Found the cursed +14 obsidian axe {vorpal, +Fly SInv
                  | *Curse}
 28226 | Lair:6   | Received a gift from Trog
 28677 | Orc:2    | Noticed Azrael
 28689 | Orc:2    | Killed Azrael
 28723 | Orc:2    | Reached skill level 15 in Armour
 28737 | Orc:2    | Found Irodoixu's Armour Emporium.
 28737 | Orc:2    | Found Taet's Armour Shop.
 28739 | Orc:2    | Found Taledaunn's Antique Weapon Shop.
 28739 | Orc:2    | Found Extuirol's Food Shoppe.
 28915 | Orc:2    | Found a roughly hewn altar of Beogh.
 28917 | Orc:2    | Received a gift from Trog
 29446 | Elf:1    | Entered Level 1 of the Elven Halls
 29467 | Elf:1    | Found a radiant altar of Vehumet.
 29652 | Elf:1    | Noticed Jorgrun
 29668 | Elf:1    | Killed Jorgrun
 29753 | Elf:1    | You fall into a shaft and drop 1 floor!
 29817 | Elf:2    | Found a runed translucent gate.
 29817 | Elf:2    | Found a runed translucent gate.
 29817 | Elf:2    | Found a runed translucent gate.
 30031 | Elf:2    | Got a pitted cloak
 30032 | Elf:2    | Identified the +2 cloak of Yhugi {rC+ rCorr} (You found it
                  | on level 2 of the Elven Halls)
 30089 | Elf:2    | Reached XP level 17. HP: 158/158 MP: 19/19
 30120 | Elf:2    | Received a gift from Trog
 30129 | Elf:2    | Reached skill level 10 in Throwing
 30784 | Shoals:1 | Found Cemokki's Jewellery Emporium.
 32324 | Shoals:3 | Received a gift from Trog
 32415 | Shoals:3 | Found Dotin's Jewellery Shop.
 32917 | Shoals:3 | Found a hide-covered altar of Uskayaw.
 33230 | Shoals:3 | Noticed Ilsuiw
 33269 | Shoals:3 | Killed Ilsuiw
 33364 | Shoals:3 | Received a gift from Trog
 33408 | Shoals:4 | Entered Level 4 of the Shoals
 33457 | Shoals:4 | Reached XP level 18. HP: 178/178 MP: 20/20
 33728 | Shoals:4 | Got a barnacled rune of Zot
 33865 | Spider:1 | Entered Level 1 of the Spider Nest
 34016 | Spider:1 | Noticed Asterion
 34032 | Spider:1 | Killed Asterion
 34531 | Spider:1 | Received a gift from Trog
 35271 | Spider:2 | Got the +7 tower shield of Limitation {+Blink rPois rCorr
                  | Str-5}
 35867 | Spider:3 | Received a gift from Trog
 36589 | Spider:4 | Entered Level 4 of the Spider Nest
 36903 | Spider:4 | Received a gift from Trog
 36967 | Spider:4 | Reached XP level 19. HP: 103/185 MP: 1/21
 36981 | Spider:4 | Paralysed by a hornet for 3 turns
 37012 | Spider:4 | Got a gossamer rune of Zot
 38810 | Elf:3    | Entered Level 3 of the Elven Halls
 39209 | Elf:3    | Found Beexig's Magic Scroll Emporium.
 39212 | Elf:3    | Bought a scroll of acquirement for 624 gold pieces
 39214 | Elf:3    | Got the +0 pair of boots of the Other Side {rPois Int+3}
 39425 | Elf:3    | Cast into level 2 of the Abyss (a deep elf demonologist)
 39503 | Abyss:2  | Received a gift from Trog
 39525 | Elf:3    | Escaped the Abyss
 39974 | Elf:3    | Received a gift from Trog
 40323 | Elf:3    | Noticed a Tzitzimitl
 40342 | Elf:3    | Identified Koulul's Handbook of Flight
 40433 | Elf:3    | Found the +11 plutonium sword {*Contam Stlth-}
 40458 | Elf:3    | Got a smoking silver ring
 40484 | Elf:3    | Identified the ring "Vetzyp" {rPois rF- MR+++ EV+4 Dex-5}
                  | (You found it on level 3 of the Elven Halls)
 41368 | D:15     | Found Busira Ydoqe's Assorted Antiques.
 41525 | D:15     | Found a staircase to the Depths.
 41653 | Depths:1 | Entered Level 1 of the Depths
 41694 | Depths:1 | Received a gift from Trog
 41694 | Depths:1 | Reached XP level 20. HP: 193/193 MP: 22/22
 41903 | Depths:1 | Found Piulyex's Elemental Accessories.
 42016 | Depths:1 | Found a gateway to Hell.
 42384 | Depths:1 | Noticed Saint Roka
 42414 | Depths:1 | Killed Saint Roka
 42939 | Depths:2 | Received a gift from Trog
 43064 | Depths:2 | Noticed a juggernaut
 43091 | Depths:2 | Killed a juggernaut
 43143 | Depths:2 | Noticed a golden dragon
 43241 | Depths:2 | Killed a golden dragon
 43556 | Depths:2 | You fall into a shaft and drop 1 floor!
 43682 | Depths:3 | Found a corrupted altar of Lugonu.
 43698 | Depths:3 | Noticed Uwnacla's ghost (adept DgCj)
 43699 | Depths:3 | Found a transporter.
 43748 | Depths:3 | Found a transporter.
 43748 | Depths:3 | Noticed a golden dragon
 43919 | Depths:3 | Found a gateway to a ziggurat.
 43948 | Depths:3 | Noticed Margery
 43951 | Depths:3 | Reached XP level 21. HP: 201/201 MP: 23/23
 43970 | Depths:3 | Killed Margery
 43991 | Depths:3 | Received a gift from Trog
 44135 | Depths:3 | Found a one-way gate leading to the halls of Pandemonium.
 45082 | Depths:2 | Found a portal to a secret trove of treasure.
 45172 | Depths:3 | Found a one-way gate to the infinite horrors of the Abyss.
 45491 | Depths:3 | Noticed a caustic shrike
 45518 | Depths:3 | Gained mutation: You have a pair of large horns on your
                  | head. [a shining eye]
 45665 | Depths:3 | Killed a caustic shrike
 45671 | Depths:3 | Received a gift from Trog
 47126 | Depths:3 | Received a gift from Trog
 47676 | Shoals:3 | Bought the ring of Hard Scrabble {rElec rF+ MR+ Dex+3} for
                  | 732 gold pieces
 47676 | Shoals:3 | Bought the amulet "Noottari" {rC+ Regen+} for 616 gold
                  | pieces
 48252 | Vaults:1 | Entered Level 1 of the Vaults
 48670 | Vaults:1 | Reached XP level 22. HP: 178/209 MP: 24/24
 48679 | Vaults:1 | Received a gift from Trog
 48750 | Vaults:1 | Got the ring "Ivotuzy" {Fire rN+++ Str+4 Dex-3}
 49737 | Vaults:2 | Found Nagocesk's Magic Scroll Boutique.
 49741 | Vaults:2 | Found Gafi's Food Shop.
 49749 | Vaults:2 | Got a slimy ivory ring
 49835 | Vaults:2 | Found Kyomikuj's Antique Armour Shop.
 49882 | Vaults:2 | Received a gift from Trog
 49904 | Vaults:2 | Found Uhyn's Jewellery Boutique.
 49924 | Vaults:2 | Found Sask's Weapon Shop.
 49930 | Vaults:2 | Bought an uncursed amulet of reflection for 570 gold pieces
 49933 | Vaults:2 | Identified the ring "Bounacw" {Wiz rN+} (You found it on
                  | level 2 of the Vaults)
 50503 | Vaults:2 | Noticed Frederick
 50516 | Vaults:2 | Killed Frederick
 50997 | Vaults:3 | Received a gift from Trog
 51000 | Vaults:3 | Got a glimmering war axe {god gift}
 51001 | Vaults:3 | Identified the +5 war axe of Qeligob {flame, rF+ Dex+2}
                  | (Trog gifted it to you on level 3 of the Vaults)
 51078 | Vaults:3 | Noticed Mara
 51087 | Vaults:3 | Noticed Apogee's illusion
 51105 | Vaults:3 | Killed Mara
 51904 | Vaults:3 | Found a staircase to the Crypt.
 52113 | Vaults:3 | Received a gift from Trog
 52113 | Vaults:3 | Reached XP level 23. HP: 202/215 MP: 25/25
 52905 | Vaults:4 | Received a gift from Trog
 54257 | Crypt:1  | Entered Level 1 of the Crypt
 54362 | Crypt:1  | Reached skill level 15 in Dodging
 54578 | Crypt:1  | Received a gift from Trog
 55354 | Crypt:2  | Found a transporter.
 55359 | Crypt:2  | Found a transporter.
 55398 | Crypt:2  | Noticed Sojobo
 55430 | Crypt:2  | Killed Sojobo
 55898 | Crypt:2  | Received a gift from Trog
 56120 | Crypt:2  | Reached XP level 24. HP: 224/224 MP: 25/25
 56290 | Crypt:2  | Noticed Donald
 56368 | Crypt:3  | Entered Level 3 of the Crypt
 56711 | Crypt:3  | Found a basalt altar of Yredelemnul.
 56952 | Crypt:3  | Found the +8 demon blade "Leech" {vamp, *Rage +Rage rN+}
 57043 | Crypt:3  | Got an ancient amethyst amulet
 57044 | Crypt:3  | Identified the amulet "Cius" {Reflect rF+ rC+ Str+4 Int-3
                  | SH+5} (You found it on level 3 of the Crypt)
 57069 | Crypt:3  | Received a gift from Trog
 57723 | Crypt:3  | Found a staircase to the Tomb.
 58991 | Depths:4 | Received a gift from Trog
 59033 | Depths:4 | Got a crude hand axe {god gift}
 59034 | Depths:4 | Identified the +8 hand axe "Negy" {vorpal, *Contam +Inv
                  | rC+++ Str-3 Dex+4} (Trog gifted it to you on level 4 of the
                  | Depths)
 59511 | Depths:4 | Received a gift from Trog
 60100 | Depths:5 | Entered Level 5 of the Depths
 60100 | Depths:5 | Found Tidisonk's Distillery.
 60747 | Depths:5 | Found a gate to the Realm of Zot.
 60759 | Depths:5 | Reached XP level 25. HP: 236/236 MP: 25/25
 60905 | Depths:5 | Received a gift from Trog
 61105 | Depths:5 | Noticed a juggernaut
 61117 | Depths:5 | Killed a juggernaut
 61681 | Depths:5 | Voluntarily entered the Abyss.
 62044 | Abyss:2  | Found a corrupted altar of Lugonu.
 62053 | Abyss:2  | Found a sparkling altar of Nemelex Xobeh.
 62543 | Abyss:3  | Received a gift from Trog
 62569 | Abyss:3  | Identified the Handbook of Shape Shifting and Poison
 62576 | Abyss:3  | Identified Vaiguahy's Papyrus of Stolen Souls
 62580 | Abyss:3  | Identified the Tome of Good Luck
 62592 | Abyss:3  | Identified the Reference Book on Hexes
 62601 | Abyss:3  | Identified the Volume of Ignition
 62612 | Abyss:3  | Identified Lurac's Compendium of Mutagenic Earth
 62614 | Abyss:3  | Identified Cerebov's Almanac of the Blaze
 62633 | Abyss:3  | Paralysed by accursed screaming for 1 turns
 62658 | Abyss:3  | Identified the Catalogue of Changing
 62810 | Abyss:3  | Gained mutation: [Your body sometimes deteriorates upon
                  | taking damage.] [a neqoxec]
 62812 | Abyss:3  | Gained mutation: Scrolls take you a little longer to read.
                  | [a neqoxec]
 63051 | Abyss:4  | Received a gift from Trog
 63203 | Abyss:4  | Paralysed by accursed screaming for 2 turns
 63396 | Abyss:4  | Paralysed by accursed screaming for 1 turns
 63412 | Abyss:4  | Received a gift from Trog
 63588 | Depths:5 | Escaped the Abyss
 63712 | Depths:5 | Voluntarily entered the Abyss.
 63736 | Abyss:1  | Noticed an ancient lich
 63750 | Abyss:1  | Killed an ancient lich
 63774 | Abyss:1  | Reached skill level 5 in Stealth
 63780 | Abyss:1  | Noticed an ancient lich
 63793 | Abyss:1  | Killed an ancient lich
 63861 | Abyss:1  | Noticed an ancient lich
 63878 | Abyss:1  | Reached XP level 26. HP: 230/258 MP: 25/25
 63888 | Abyss:1  | Killed an ancient lich
 63899 | Depths:5 | Escaped the Abyss
 64027 | Depths:5 | Voluntarily entered the Abyss.
 64355 | Abyss:1  | Noticed an ancient lich
 64365 | Abyss:1  | Killed an ancient lich
 64468 | Abyss:1  | Gained mutation: [You are frail. (-10% HP)] [a neqoxec]
 64980 | Abyss:1  | Paralysed by accursed screaming for 1 turns
 64999 | Abyss:1  | Received a gift from Trog
 65110 | Abyss:2  | Reached skill level 10 in Stealth
 65863 | Abyss:3  | Found a transporter.
 66003 | Abyss:4  | Received a gift from Trog
 66746 | Abyss:5  | Entered Level 5 of the Abyss
 67127 | Abyss:5  | Noticed an ancient lich
 67150 | Abyss:5  | Killed an ancient lich
 67199 | Abyss:5  | Found a transporter.
 67225 | Abyss:5  | Paralysed by accursed screaming for 2 turns
 67237 | Abyss:5  | Paralysed by accursed screaming for 1 turns
 67240 | Abyss:5  | Gained mutation: [You are very frail. (-20% HP)] [a shining
                  | eye]
 67242 | Abyss:5  | HP: 6/206 [large abomination (11)]
 67245 | Abyss:5  | HP: 1/180 [bone dragon (4)]
 67246 | Abyss:5  | Gained mutation: Scrolls take you longer to read. [a
                  | shining eye]
 67248 | Abyss:5  | Killed from afar by a starcursed mass

Illustrated notes

Levels and vault maps discovered:
D:1:      minmay_arrival_cross, layout_loops_ring, minmay_heptomino_o4
D:2:      layout_basic, yredelemnul_altar_generic, first_ration,
          uniq_crazy_yiuf_cottage
D:3:      layout_rooms, ashenzari_conservatory_becter, hex_tiny, uniq_jessica
D:4:      layout_basic, bloody_makhleb, serial_shops, shop_fountains
D:5:      layout_loops_ring, nicolae_gozag_seed_capital,
          minmay_temple_entry_mist, uniq_prince_ribbit1
D:6:      layout_loops_ring, portal_sewer_entry_c, uniq_blork_the_orc,
          uniq_grinder
D:7:      layout_loops_ring, grunt_temple_overflow_open, grunt_ogre_cave,
          uniq_joseph
D:8:      layout_basic, zin_angel, uniq_pikel
D:9:      layout_basic, orc_0_dummy, minmay_bent
D:10:     layout_roguey, david_lair_shrubbed, serial_ice, serial_ice_o,
          serial_ice_f, serial_ice_h, serial_ice_k
D:11:     layout_rooms, serial_shops, nicolae_shop_statue_plus, uniq_grum
D:12:     evilmike_iron_armoury, layout_irregular_city, serial_bayou_lagoon_a,
          nicolae_benzene_ring
D:13:     fort_yaktaur, layout_basic, grunt_vaults_entry_fortified,
          serial_shops, shop_coins, nicolae_shop_stone
D:14:     layout_loops_ring, moated_statue, minivault_20,
          chequers_serial_rivers_room_a
D:15:     grunt_enter_depths_magical_seal, layout_basic, corexii_corridor_pit,
          serial_shops, shop, shop, nicolae_shop_stone, shop, nicolae_shop_trees
Lair:1:   layout_gridlike, uniq_erica
Lair:2:   layout_regular_city, portal_ice_cave_entry_imps
Lair:3:   layout_gridlike, dummy_spider_entry, uniq_fannar
Lair:4:   layout_loops_ring, minmay_shoals_entry_centaurs,
          gauntlet_entry_generic, minivault_29
Lair:5:   layout_concentric_octagons, uniq_kirke
Lair:6:   due_jungle_book, layout_hall_layers, slime_altar_1,
          serial_bayou_shore_b, grunt_megastairs_3, lemuel_fruit_tree
Shoals:1: layout_shoals, serial_shops, nicolae_shop_stone
Shoals:2: nzn_motion_control, layout_shoals
Shoals:3: layout_shoals, serial_shops, nicolae_shop_statue_plus,
          regret_index_shoals_crete, uniq_ilsuiw
Shoals:4: shoals_end_hangedman, layout_shoals
Spider:1: layout_spider_delve, spiders_nest_spider_trap, uniq_asterion
Spider:2: layout_spider_delve, guppyfry_hornet_nest
Spider:3: layout_spider_delve, nicolae_spider_webs_and_nodes,
          einodemon_crawler_minivault
Spider:4: spider_rune_water, hive_lemuel
Orc:1:    layout_diamond_mine, enter_volcano_1, serial_shops, nicolae_shop_stone
Orc:2:    st_orc_ogre_mass, layout_diamond_mine, basic_altar, uniq_azrael
Elf:1:    eino_elf_arrival_altar, layout_loops_corners, hangedman_elf_disciples,
          uniq_jorgrun
Elf:2:    layout_geoelf_diagonals
Elf:3:    minmay_elf_hall_four_x, layout_onion_city, serial_shops,
          nicolae_shop_competitors_out_of_business, hangedman_elf_simple_split
Vaults:1: v_misc_4, nicolae_vaults_little_squares_6, hangedman_vaults_trim,
          hangedman_vaults_nodes, vaults_room_boxed, hangedman_vaults_trim,
          nicolae_vaults_murderbox, vaults_mumra_chevron_long, vaults_room_pool,
          nicolae_vaults_little_squares_6, grunt_vaults_diagonal, v_misc_28,
          layout_vaults_ring
Vaults:2: v_misc_23, vaults_dpeg_diagonal, v_rooms_5,
          nicolae_vaults_little_squares_5, v_misc_23, nicolae_vaults_alarming,
          ontoclasm_vaults_shuriken, vaults_mumra_hexcomb, vaults_room_corners,
          vaults_mumra_chevron, hangedman_vaults_river_flow,
          layout_vaults_big_room, serial_shops, shop, nicolae_shop_statue_plus,
          shop, nicolae_shop_trees, shop, uniq_frederick
Vaults:3: minmay_crypt_entry_vampire_xt, grunt_vaults_trifunnel,
          vaults_room_hallway, nicolae_vaults_network_star, grunt_vaults_funnel,
          ontoclasm_vaults_idyll, vaults_room_pool, vaults_room_semicircle,
          layout_vaults_omnicross, uniq_mara
Vaults:4: hangedman_vaults_snaps, ontoclasm_vaults_tryst, v_pattern_3,
          v_misc_23, ontoclasm_vaults_claustrophobia,
          nicolae_vaults_angled_halls, nicolae_vaults_asterisk, v_misc_16,
          v_misc_2, vaults_mumra_hex, layout_vaults_maze_bifur
Crypt:1:  layout_misc_corridors
Crypt:2:  gammafunk_sealed_arena, layout_gridlike, minicrypt_bobbens,
          uniq_sojobo, uniq_donald
Crypt:3:  evilmike_haunted_forest
Depths:1: layout_forbidden_donut, minmay_misc_feat_chi, grunt_hell_entry_dis_mu,
          drop_trap, grunt_decor_resistance, minmay_misc_feat_room, st_stairs_7,
          nicolae_elemental_shop, kennysheep_generic_room_11, uniq_saint_roka
Depths:2: minmay_the_grid_net [minmay_the_grid_armoury, minmay_the_grid_spikes,
          minmay_the_grid_minigrid_small, minmay_the_grid_empty,
          minmay_the_grid_holed_spiral, minmay_the_grid_prize_big_room],
          layout_cave_pools, pf_hell_entry_tar_river,
          nicolae_trove_entry_columns, chequers_serial_rivers_room_b,
          evilmike_butchery
Depths:3: angbandy_vault, layout_cross, enter_ziggurat_f,
          grunt_hell_entry_demonic_statue, gammafunk_ghost_arena,
          abyss_entry_flame_altar, chequers_serial_rivers_room_b,
          grunt_pan_entry_zigzag, serial_co_window_serial,
          co_window_of_opportunity_a, co_window_paths_a,
          co_window_of_opportunity_a, co_window_corner_a, co_window_corner_a,
          co_window_paths_a, co_window_paths_c, co_window_unsneaky_path_a,
          co_window_paths_c, glass_columns_a, glass_columns_a, uniq_margery
Depths:4: evilmike_diamond_1, layout_twisted_cross, abyss_entry,
          chequers_serial_rivers_room_b, hellmouth_1, st_stairs_11,
          minivault_22, small_statue_intersection, infiniplex_staircase_river
Depths:5: grunt_zot_entry_hairpin, layout_basic, abandoned_shop, hell_entry,
          abyss_entry, serial_shops, nicolae_shop_window_shopping
Abyss:5:  base: Sewer, evilmike_abyss_exit_17, gammafunk_abyss_rune_reverse_zot,
          evilmike_abyss_exit_chaos, gammafunk_abyss_rune_reverse_zot,
          evilmike_abyss_exit_6, gammafunk_abyss_rune_reverse_zot,
          grunt_abyss_exit_deep_breaths, evilmike_abyss_exit_10

Skill      XL: |  1  2  3  4  5  6  7  8  9 10 11 12 13 14 15 16 17 18 19 20 21 22 23 24 25 26 |
---------------+-------------------------------------------------------------------------------+-----
Axes           | 4 5 6 7 8 9 11 13 15 17 18 | 18.0
Fighting       | 6 10 15 16 19 20 21 25 | 25.0
Armour         | 7 10 12 16 18 19 21 24 25 | 25.0
Dodging        | 9 10 16 20 | 20.0
Throwing       | 6 9 10 | 10.0
Shields        | 1 10 15 17 20 23 25 | 25.0
Stealth        | 4 6 14 | 14.5
Evocations     | 4 |  4.0

Action                   |  1- 3 |  4- 6 |  7- 9 | 10-12 | 13-15 | 16-18 | 19-21 | 22-24 | 25-27 || total
-------------------------+-------+-------+-------+-------+-------+-------+-------+-------+-------++-------
Melee: Hand axe          |    79 |   167 |   239 |   655 |   378 |       |       |       |       ||  1518
       Headbutt          |    14 |    30 |    47 |   146 |   304 |   373 |   428 |   678 |   413 ||  2433
       Broad axe         |       |       |       |       |   947 |  1636 |  2160 |  2623 |  1616 ||  8982
       War axe           |       |       |       |       |       |       |       |     2 |       ||     2
Throw: Dart              |       |       |     4 |       |    16 |     6 |       |       |       ||    26
       Boomerang         |       |       |       |       |       |    68 |    44 |    33 |     1 ||   146
       Javelin           |       |       |       |       |       |    12 |       |       |       ||    12
Invok: Berserk           |       |       |     8 |    11 |    11 |    12 |    21 |     7 |     8 ||    78
       Brothers in Arms  |       |       |       |     1 |     4 |     3 |    12 |     2 |     5 ||    27
       Trog's Hand       |       |       |       |       |       |       |     2 |       |     4 ||     6
 Abil: Evoke Flight      |       |       |       |       |       |     1 |       |       |       ||     1
       Evoke Blink       |       |       |       |       |       |       |       |     2 |     1 ||     3
Evoke: Wand              |       |       |       |       |     1 |       |     1 |       |     2 ||     4
  Use: Scroll            |       |    11 |     1 |     3 |    25 |    16 |    12 |     9 |     2 ||    79
       Potion            |       |       |       |       |     1 |     3 |       |     1 |     6 ||    11
 Stab: Distracted        |       |       |       |       |       |     4 |     3 |     2 |     4 ||    13
       Petrifying        |       |       |       |       |       |     2 |       |       |       ||     2
       Petrified         |       |       |       |       |       |     1 |       |       |       ||     1
  Eat: Chunk             |     1 |     8 |    18 |    24 |    40 |    39 |    38 |    32 |    12 ||   212
       Ration            |       |       |     2 |     3 |     3 |     2 |     8 |     5 |     6 ||    29
Armor: Animal skin       |     4 |       |       |       |       |       |       |       |       ||     4
       Scale mail        |    30 |    78 |    37 |       |       |       |       |       |       ||   145
       Plate armour      |       |       |    46 |   268 |    66 |       |       |       |       ||   380
       Crystal plate arm |       |       |       |       |   546 |  1074 |   723 |   547 |   425 ||  3315
Dodge: Dodged            |    38 |    62 |    46 |   229 |   291 |   393 |   289 |   425 |   424 ||  2197
Block: Buckler           |       |       |       |       |    46 |       |       |       |       ||    46
       Kite shield       |       |       |       |       |   371 |   788 |       |       |       ||  1159
       Tower shield      |       |       |       |       |       |   677 |  2374 |  2950 |  1938 ||  7939
       Reflection        |       |       |       |       |       |       |       |   116 |    17 ||   133
